 Dungeon Crawl Stone Soup version 0.30-a0-782-ge64f9170bb (webtiles) character file.

Game seed: 2410086226163642467

10 theswoord the Shooter (level 2, 0/17 HPs)
             Began as a Tengu Hunter on Mar 15, 2023.
             Succumbed to a goblin's poison
             ... on level 1 of the Dungeon.
             The game lasted 00:00:41 (460 turns).

theswoord the Shooter (Tengu Hunter)                 Turns: 460, Time: 00:00:41

Health: 0/17       AC:  3    Str: 11    XL:     2   Next: 20%
Magic:  3/3        EV: 12    Int:  9    God:
Gold:   37         SH:  0    Dex: 17    Spells: 1/1 levels left

rFire   . . .      SeeInvis .    a - +0 shortbow
rCold   . . .      Faith    .    (shield currently unavailable)
rNeg    . . .      Spirit   .    c - +0 leather armour
rPois   .          Reflect  .    (helmet restricted)
rElec   .          Harm     .    (no cloak)
rCorr   .          Rampage  .    (no gloves)
Will    .....                    (boots unavailable)
Stlth   ++                       (no amulet)
HPRegen 0.22/turn                (no ring)
MPRegen 0.08/turn                (no ring)

@: lethally poisoned (0 -> -7), invisible
A: beak, talons 3
a: no special abilities


You were on level 1 of the Dungeon.
You visited 1 branch of the dungeon, and saw 1 of its levels.

You collected 37 gold pieces.

Inventory:

Hand Weapons
 a - a +0 shortbow (weapon)
Armour
 c - a +0 leather armour (worn)
Scrolls
 b - a scroll of immolation
 e - a scroll of magic mapping {unknown}
 g - a scroll of silence {unknown}
 h - a scroll of identify {unknown}
Potions
 f - a potion of curing {unknown}
 i - a potion of resistance {unknown}


   Skills:
 - Level 2.0 Fighting
 + Level 5.0 Ranged Weapons
 - Level 2.1 Dodging
 - Level 1.0 Stealth


You had one spell level left.
You didn't know any spells.
Your spell library was empty.

Dungeon Overview and Level Annotations

Branches:
Dungeon (1/15)

Altars:


Innate Abilities, Weirdness & Mutations

You have a beak for a mouth.
You have claws for feet.


Message History

No target in view!
There is a stone staircase leading down here.
You now have 37 gold pieces (gained 5).
Found a hand axe.
A kobold and a goblin come into view.
The goblin is wielding a +0 dagger of venom.
The goblin shouts!
The kobold shouts!
You shoot an arrow. The arrow barely misses the kobold.
The kobold closely misses you.
You shoot an arrow. The arrow barely misses the kobold.
The kobold misses you.
You shoot an arrow. The arrow hits the kobold.
The kobold hits you with a +0 dagger. x2
The goblin hits you with a +0 dagger of venom.
You shoot an arrow. The arrow hits the kobold.
You kill the kobold!
The goblin hits you but does no damage.
You are poisoned.
You shoot an arrow. The arrow closely misses the goblin.
You feel very sick. The goblin barely misses you.
You shoot an arrow.
The arrow hits the goblin but does no damage.
You feel sick. The goblin closely misses you.
You shoot an arrow. The arrow barely misses the goblin.
You feel sick. The goblin closely misses you.
The goblin hits you but does no damage.
You are lethally poisoned!
You shoot an arrow. The arrow hits the goblin!
You kill the goblin!
* * * LOW HITPOINT WARNING * * *
You feel very sick.
Your Ranged Weapons skill increases to level 5!
No target in view!
There is a lethal amount of poison in your body!
* * * LOW HITPOINT WARNING * * *
You feel sick.
* * * LOW HITPOINT WARNING * * *
You feel sick.
It was a potion of invisibility.
You fade into invisibility!
You die...

...............##.#######.#######
......................# #...####.
....#........#.##.....#####.##...
#............#.##........# .##.#.
#..............##........## ##.#.
#......####....##........##.##.#.
.......####....##........##....#.
..##...........#...)......##.....
..##........#...@..)....). #.....
..##........#.#....#...... #.....
..##........#.#....# ..... #.....
..##........#.#....# .... #.....
####........#.#....# ... #.....
#######....#....# .. #.....
##.###....# . #).... #........#
#..... ##########


There were no monsters in sight!

Vanquished Creatures
  An endoplasm (D:1)
  2 goblins (D:1)
  2 jackals (D:1)
  2 ball pythons (D:1)
  2 frilled lizards (D:1)
  A kobold (D:1)
  A rat (D:1)
11 creatures vanquished.

Notes
Turn   | Place    | Note
-------+----------+-------------------------------------------
     0 | D:1      | theswoord the Tengu Hunter began the quest for the Orb.
     0 | D:1      | Reached XP level 1. HP: 12/12 MP: 2/2
   239 | D:1      | Reached XP level 2. HP: 17/17 MP: 3/3
   262 | D:1      | Found a faded altar of an unknown god.
   458 | D:1      | Reached skill level 5 in Ranged Weapons
   460 | D:1      | Succumbed to a goblin's poison

Skill      XL: |  1  2 |
---------------+-------+-----
Ranged Weapons | 5 |  5.0
Fighting       | |  2.0
Dodging        | |  2.1
Stealth        | |  1.0

Action                     || total
---------------------------++-------
   Fire: Shortbow          ||    24
    Use: Potion            ||     1
 Armour: Leather armour    ||     2
  Dodge: Dodged            ||     5

Levels and vault maps discovered:
D:1:      minmay_arrival_wavy_path, layout_basic, basic_ecumenical_altar
